AoeStats
← TheRootCause

Arabia

505490753Analyzed
2v2 RM · 24d ago on Sep 9, 2026· 55m 42s· 4 players
Game mode
Random Map
Map size
Medium (4 player)
Population
200
Speed
Normal
Resources
Standard
Victory
Conquest
Starting age
Dark Age
Ending age
Imperial Age
RankedLock teamsTeams togetherTeam positionsShared explorationLock speedFull tech treeHidden civsTurbo modeCheats
Victory
Defeat
🇦🇷 Bulgarians · Argentina
979
+13
🇦🇷 Goths · Argentina
881
+16
🇷🇺 Byzantines · Russia
912
-15
🇺🇸 Shu · United States
885
-14
MAY
7:34 Loom
9:24 Feudal Age
10:15 Double-Bit Axe
12:34 Gold Mining
14:35 Fletching
18:07 Padded Archer Armor
21:10 Arson
24:50 Castle Age
24:29 Forging
24:19 Scale Mail Armor
25:29 Wheelbarrow
25:11 Crossbowman
25:49 Pikeman
26:30 Squires
29:38 Thumb Ring
33:10 Bodkin Arrow
35:09 Hand Cart
44:32 Ballistics
50:26 Imperial Age
53:35 Arbalester
TheRootCause
0:27 Loom
[Vishero]-R1char
2:31 Loom
10:28 Feudal Age
11:00 Double-Bit Axe
11:05 Horse Collar
15:09 Man-at-Arms
16:32 Wheelbarrow
22:55 Castle Age
23:03 Long Swordsman
23:48 Husbandry
23:55 Scale Mail Armor
24:01 Scale Barding Armor
24:08 Forging
26:14 Hand Cart
27:36 Chain Mail Armor
27:42 Chain Barding Armor
28:00 Iron Casting
27:41 Chain Mail Armor
30:05 Chain Barding Armor
30:59 Gold Mining
31:52 Bow Saw
37:52 Anarchy
47:32 Imperial Age
47:44 Two-Handed Swordsman
48:44 Perfusion
48:13 Elite Huskarl
51:35 Champion
52:56 Perfusion
53:48 Stone Mining
55:02 Two-Man Saw
54:04 Heavy Plow
55:20 Conscription
54:31 Sappers
[Vsh]-BilShit™
0:26 Loom
12:45 Feudal Age
17:33 Castle Age
16:16 Stone Mining
18:31 Forging
25:57 Iron Casting
26:15 Bloodlines
35:22 Gold Mining
39:35 Double-Bit Axe
41:28 Bow Saw
42:51 Fletching
43:34 Husbandry
51:08 Imperial Age
49:15 Town Watch
52:35 Scale Barding Armor
Connection lost

Rejoining the realm…

Still unreachable

The connection could not be restored.

Session expired

The server has moved on; the page needs a fresh start.